[ PARTIDA AOE2 · #495920724 ]
UnrankedVikingos vs Vikings
Equipo del jugador · VICT
Equipo rival · DERR
[ ANÁLISIS DE REPETICIÓN · EXTRAÍDO DE LA PARTIDA GRABADA ]
Feudal
8:56
Castillos
24:29
Imperial
—
| APM promedio | 65.9 |
| APM pico | 100 |
| eAPM promedio | 23.8 |
| Aldeanos / militares | 96 / 95 |
Foco
⚔️ 45.7% · 🌾 54.3%
Archer ×31 · Scout Cavalry ×29 · Skirmisher ×17 · Knight ×11 · Mangonel ×6 · Monk ×1
Feudal
9:23
Castillos
23:30
Imperial
—
| APM promedio | 58.6 |
| APM pico | 99 |
| eAPM promedio | 28.3 |
| Aldeanos / militares | 82 / 57 |
Foco
⚔️ 29.6% · 🌾 70.4%
Archer ×20 · Skirmisher ×19 · Knight ×5 · Spearman ×5 · Scout Cavalry ×5 · Mangonel ×3
Mapa de la partida
Recursos iniciales + cada clic de construcción. Líneas = muros · curvas = relieve. ◆ oro · ⬟ piedra · ● bayas · ✦ reliquia · ◌ hueco del cierre
Tu base· Abierta — flanco sin cerrar
Base de G2 Tohaj· Abierta — flanco sin cerrar
Terreno inicial suavizado · ◌ = hueco del cierre detectado · pasá el cursor para detalles
Inputs por minuto
— Fs.Carniça - - G2 Tohaj
Build order — Fs.Carniça
Primeras 150 de 287 acciones detectadas
| 0:00 | Crear | Villager (Male) |
| 0:00 | Crear | Villager (Male) |
| 0:01 | Crear | Villager (Male) |
| 0:01 | Crear | Villager (Male) |
| 0:02 | Construir | House |
| 0:04 | Construir | House |
| 1:22 | Crear | Villager (Male) |
| 1:47 | Construir | Lumber Camp |
| 2:04 | Crear | Villager (Male) |
| 2:04 | Crear | Villager (Male) |
| 2:26 | Crear | Villager (Male) |
| 2:48 | Crear | Villager (Male) |
| 3:16 | Crear | Villager (Male) |
| 3:16 | Crear | Villager (Male) |
| 3:43 | Crear | Villager (Male) |
| 3:43 | Crear | Villager (Male) |
| 3:52 | Construir | House |
| 4:05 | Crear | Villager (Male) |
| 4:32 | Construir | Mill |
| 4:51 | Crear | Villager (Male) |
| 5:28 | Crear | Villager (Male) |
| 5:37 | Crear | Villager (Male) |
| 5:38 | Investigar | Loom |
| 5:51 | Crear | Villager (Male) |
| 6:46 | Investigar | Feudal Age |
| 7:10 | Construir | Lumber Camp |
| 7:18 | Construir | House |
| 7:25 | Crear | Villager (Male) |
| 7:56 | Construir | Barracks |
| 8:14 | Crear | Villager (Male) |
| 8:48 | Crear | Villager (Male) |
| 8:56 | Edad | Edad Feudal |
| 8:59 | Construir | Stable |
| 9:08 | Investigar | Double-Bit Axe |
| 9:30 | Crear | Villager (Male) |
| 9:41 | Construir | House |
| 9:45 | Crear | Scout Cavalry |
| 10:12 | Crear | Villager (Male) |
| 10:21 | Construir | Archery Range |
| 10:49 | Crear | Villager (Male) |
| 10:59 | Crear | Scout Cavalry |
| 11:10 | Crear | Villager (Male) |
| 11:16 | Construir | House |
| 11:17 | Crear | Skirmisher |
| 11:21 | Construir | Farm |
| 11:33 | Construir | Farm |
| 11:40 | Construir | Palisade Wall |
| 11:41 | Construir | Palisade Wall |
| 11:44 | Crear | Skirmisher |
| 11:48 | Crear | Villager (Male) |
| 11:51 | Construir | Farm |
| 11:58 | Crear | Skirmisher |
| 12:10 | Construir | Farm |
| 12:24 | Crear | Skirmisher |
| 12:29 | Crear | Villager (Male) |
| 12:34 | Construir | Blacksmith |
| 12:41 | Crear | Skirmisher |
| 12:49 | Crear | Villager (Male) |
| 12:59 | Crear | Villager (Male) |
| 13:01 | Construir | Farm |
| 13:05 | Crear | Skirmisher |
| 13:13 | Construir | Farm |
| 13:29 | Crear | Villager (Male) |
| 13:32 | Construir | House |
| 13:34 | Crear | Skirmisher |
| 13:39 | Crear | Skirmisher |
| 13:40 | Crear | Villager (Male) |
| 13:58 | Crear | Villager (Male) |
| 14:04 | Investigar | Fletching |
| 14:11 | Construir | Farm |
| 14:19 | Construir | Farm |
| 14:19 | Crear | Villager (Male) |
| 14:19 | Crear | Villager (Male) |
| 14:40 | Crear | Skirmisher |
| 14:41 | Crear | Villager (Male) |
| 14:43 | Construir | Farm |
| 14:44 | Construir | Farm |
| 14:44 | Construir | Farm |
| 14:45 | Construir | Farm |
| 14:45 | Construir | Farm |
| 14:51 | Crear | Villager (Male) |
| 14:54 | Construir | House |
| 15:13 | Crear | Skirmisher |
| 15:14 | Crear | Villager (Male) |
| 15:30 | Construir | House |
| 15:30 | Crear | Villager (Male) |
| 15:43 | Crear | Scout Cavalry |
| 16:01 | Crear | Villager (Male) |
| 16:10 | Crear | Skirmisher |
| 16:20 | Crear | Villager (Male) |
| 16:22 | Construir | Farm |
| 16:22 | Construir | Farm |
| 16:23 | Construir | Farm |
| 16:23 | Construir | Farm |
| 16:23 | Construir | Farm |
| 16:23 | Construir | Farm |
| 16:24 | Construir | Farm |
| 16:43 | Crear | Skirmisher |
| 16:44 | Crear | Villager (Male) |
| 16:47 | Construir | Farm |
| 16:47 | Construir | Farm |
| 16:50 | Crear | Villager (Male) |
| 16:55 | Construir | House |
| 16:56 | Construir | Palisade Wall |
| 17:09 | Crear | Skirmisher |
| 17:21 | Crear | Scout Cavalry |
| 17:34 | Crear | Scout Cavalry |
| 17:35 | Crear | Villager (Male) |
| 17:37 | Construir | Farm |
| 17:37 | Construir | Farm |
| 17:37 | Construir | Farm |
| 17:37 | Construir | Farm |
| 17:38 | Construir | Farm |
| 17:46 | Investigar | Horse Collar |
| 17:51 | Crear | Skirmisher |
| 17:53 | Crear | Scout Cavalry |
| 17:57 | Crear | Villager (Male) |
| 18:03 | Construir | Farm |
| 18:08 | Construir | House |
| 18:09 | Construir | Palisade Wall |
| 18:28 | Crear | Villager (Male) |
| 18:37 | Crear | Skirmisher |
| 19:12 | Crear | Scout Cavalry |
| 19:12 | Crear | Villager (Male) |
| 19:38 | Crear | Skirmisher |
| 19:39 | Crear | Villager (Male) |
| 19:39 | Crear | Scout Cavalry |
| 19:47 | Crear | Villager (Male) |
| 19:48 | Construir | Farm |
| 19:49 | Construir | Farm |
| 19:49 | Construir | Farm |
| 19:49 | Construir | Farm |
| 19:49 | Construir | Farm |
| 19:50 | Construir | Farm |
| 19:54 | Crear | Villager (Male) |
| 20:03 | Crear | Skirmisher |
| 20:42 | Crear | Villager (Male) |
| 20:57 | Crear | Villager (Male) |
| 21:10 | Crear | Scout Cavalry |
| 21:10 | Crear | Scout Cavalry |
| 21:10 | Crear | Scout Cavalry |
| 21:35 | Construir | Mining Camp |
| 21:48 | Investigar | Castle Age |
| 21:55 | Construir | Archery Range |
| 22:48 | Construir | Archery Range |
| 22:48 | Crear | Archer |
| 22:48 | Crear | Archer |
| 22:49 | Crear | Archer |
| 22:49 | Crear | Archer |
| 23:21 | Crear | Archer |
Build order — G2 Tohaj
Primeras 150 de 244 acciones detectadas
| 0:00 | Crear | Villager (Male) |
| 0:00 | Crear | Villager (Male) |
| 0:02 | Construir | House |
| 0:03 | Construir | House |
| 0:14 | Crear | Villager (Male) |
| 0:14 | Crear | Villager (Male) |
| 1:29 | Crear | Villager (Male) |
| 1:58 | Crear | Villager (Male) |
| 2:01 | Construir | Lumber Camp |
| 2:14 | Crear | Villager (Male) |
| 2:44 | Crear | Villager (Male) |
| 3:10 | Crear | Villager (Male) |
| 3:27 | Construir | House |
| 3:27 | Construir | House |
| 3:33 | Construir | Palisade Wall |
| 3:35 | Construir | Palisade Wall |
| 3:39 | Crear | Villager (Male) |
| 3:58 | Crear | Villager (Male) |
| 4:27 | Construir | Mill |
| 4:36 | Crear | Villager (Male) |
| 4:36 | Crear | Villager (Male) |
| 5:25 | Crear | Villager (Male) |
| 5:34 | Crear | Villager (Male) |
| 5:37 | Crear | Villager (Male) |
| 5:38 | Investigar | Loom |
| 7:13 | Investigar | Feudal Age |
| 7:38 | Construir | Barracks |
| 7:39 | Construir | Palisade Wall |
| 9:04 | Crear | Villager (Male) |
| 9:11 | Construir | Palisade Wall |
| 9:14 | Construir | Palisade Wall |
| 9:17 | Construir | Palisade Wall |
| 9:19 | Construir | Palisade Wall |
| 9:23 | Edad | Edad Feudal |
| 9:33 | Crear | Villager (Male) |
| 9:35 | Construir | Archery Range |
| 9:37 | Construir | House |
| 9:39 | Construir | House |
| 9:41 | Construir | Palisade Wall |
| 9:41 | Construir | Palisade Wall |
| 9:49 | Investigar | Double-Bit Axe |
| 9:49 | Investigar | Double-Bit Axe |
| 10:17 | Crear | Villager (Male) |
| 10:20 | Investigar | Horse Collar |
| 10:45 | Crear | Spearman |
| 10:52 | Crear | Archer |
| 11:07 | Crear | Villager (Male) |
| 11:17 | Crear | Villager (Male) |
| 11:22 | Construir | Farm |
| 11:26 | Construir | Farm |
| 11:32 | Construir | Palisade Wall |
| 11:33 | Construir | Palisade Wall |
| 11:37 | Construir | Palisade Wall |
| 11:44 | Crear | Villager (Male) |
| 11:48 | Crear | Villager (Male) |
| 12:01 | Crear | Villager (Male) |
| 12:03 | Construir | Mining Camp |
| 12:15 | Construir | Palisade Wall |
| 12:17 | Construir | Palisade Wall |
| 12:25 | Crear | Skirmisher |
| 12:37 | Crear | Villager (Male) |
| 12:54 | Crear | Skirmisher |
| 13:06 | Crear | Villager (Male) |
| 13:09 | Construir | Farm |
| 13:10 | Construir | Farm |
| 13:11 | Construir | Farm |
| 13:16 | Crear | Skirmisher |
| 13:18 | Construir | Palisade Wall |
| 13:19 | Construir | Palisade Wall |
| 13:25 | Crear | Spearman |
| 13:32 | Crear | Skirmisher |
| 13:44 | Crear | Spearman |
| 13:57 | Construir | House |
| 14:00 | Construir | Farm |
| 14:02 | Construir | Farm |
| 14:06 | Crear | Skirmisher |
| 14:07 | Crear | Spearman |
| 14:23 | Crear | Skirmisher |
| 14:38 | Crear | Villager (Male) |
| 14:40 | Construir | Farm |
| 14:41 | Construir | Farm |
| 14:43 | Construir | Farm |
| 14:52 | Construir | Palisade Wall |
| 14:54 | Construir | Blacksmith |
| 14:59 | Crear | Skirmisher |
| 15:11 | Construir | Farm |
| 15:28 | Construir | Stable |
| 15:48 | Crear | Spearman |
| 15:54 | Construir | Palisade Gate |
| 15:56 | Construir | House |
| 15:58 | Construir | Palisade Wall |
| 16:05 | Crear | Skirmisher |
| 16:20 | Construir | Palisade Gate |
| 16:21 | Construir | Palisade Wall |
| 16:42 | Crear | Skirmisher |
| 16:53 | Construir | Farm |
| 16:54 | Construir | Farm |
| 17:07 | Investigar | Fletching |
| 17:22 | Crear | Scout Cavalry |
| 17:35 | Crear | Skirmisher |
| 17:40 | Crear | Scout Cavalry |
| 17:43 | Crear | Villager (Male) |
| 17:49 | Construir | Farm |
| 18:15 | Crear | Skirmisher |
| 18:22 | Crear | Scout Cavalry |
| 18:26 | Construir | House |
| 18:32 | Investigar | Padded Archer Armor |
| 18:32 | Investigar | Padded Archer Armor |
| 18:36 | Crear | Skirmisher |
| 19:08 | Crear | Skirmisher |
| 19:16 | Crear | Skirmisher |
| 19:22 | Crear | Scout Cavalry |
| 19:40 | Crear | Skirmisher |
| 19:41 | Crear | Villager (Male) |
| 19:48 | Construir | Market |
| 20:20 | Crear | Skirmisher |
| 20:50 | Investigar | Castle Age |
| 20:50 | Investigar | Castle Age |
| 20:57 | Construir | House |
| 20:58 | Construir | House |
| 21:02 | Crear | Skirmisher |
| 21:47 | Investigar | Gold Mining |
| 22:19 | Crear | Skirmisher |
| 23:30 | Edad | Edad de los Castillos |
| 23:34 | Construir | Town Center |
| 23:36 | Crear | Archer |
| 23:41 | Crear | Knight |
| 23:44 | Crear | Villager (Male) |
| 23:46 | Crear | Villager (Male) |
| 23:46 | Crear | Villager (Male) |
| 23:50 | Construir | Town Center |
| 23:56 | Construir | Palisade Gate |
| 23:58 | Construir | Palisade Wall |
| 24:00 | Construir | Palisade Wall |
| 24:14 | Investigar | Scale Barding Armor |
| 24:15 | Crear | Villager (Male) |
| 24:40 | Crear | Villager (Male) |
| 24:42 | Crear | Knight |
| 24:45 | Crear | Villager (Male) |
| 24:48 | Construir | Farm |
| 24:48 | Construir | Farm |
| 24:49 | Construir | Farm |
| 24:49 | Construir | Farm |
| 25:07 | Construir | Farm |
| 25:15 | Crear | Villager (Male) |
| 25:16 | Crear | Villager (Male) |
| 25:18 | Construir | Farm |
| 25:19 | Crear | Villager (Male) |
| 25:29 | Construir | Farm |
| 25:31 | Construir | Farm |
Cronología de la partida
| 3:33 | G2 Tohaj · wall_segment Palisade Wall x1 |
| 3:35 | G2 Tohaj · wall_segment Palisade Wall x2 |
| 7:38 | G2 Tohaj · first_building Barracks |
| 7:39 | G2 Tohaj · wall_segment Palisade Wall x1 |
| 7:56 | Fs.Carniça · first_building Barracks |
| 8:56 | Fs.Carniça · age_up feudal |
| 8:59 | Fs.Carniça · first_building Stable |
| 9:11 | G2 Tohaj · wall_segment Palisade Wall x1 |
| 9:14 | G2 Tohaj · wall_segment Palisade Wall x4 |
| 9:17 | G2 Tohaj · wall_segment Palisade Wall x3 |
| 9:19 | G2 Tohaj · wall_segment Palisade Wall x3 |
| 9:23 | G2 Tohaj · age_up feudal |
| 9:35 | G2 Tohaj · first_building Archery Range |
| 9:41 | G2 Tohaj · wall_segment Palisade Wall x1 |
| 9:41 | G2 Tohaj · wall_segment Palisade Wall x1 |
| 10:21 | Fs.Carniça · first_building Archery Range |
| 11:32 | G2 Tohaj · wall_segment Palisade Wall x1 |
| 11:33 | G2 Tohaj · wall_segment Palisade Wall x5 |
| 11:37 | G2 Tohaj · wall_segment Palisade Wall x6 |
| 11:40 | Fs.Carniça · wall_segment Palisade Wall x8 |
| 11:41 | Fs.Carniça · wall_segment Palisade Wall x3 |
| 12:15 | G2 Tohaj · wall_segment Palisade Wall x1 |
| 12:17 | G2 Tohaj · wall_segment Palisade Wall x5 |
| 13:18 | G2 Tohaj · wall_segment Palisade Wall x1 |
| 13:19 | G2 Tohaj · wall_segment Palisade Wall x4 |
| 14:52 | G2 Tohaj · wall_segment Palisade Wall x1 |
| 15:28 | G2 Tohaj · first_building Stable |
| 15:58 | G2 Tohaj · wall_segment Palisade Wall x1 |
| 16:21 | G2 Tohaj · wall_segment Palisade Wall x1 |
| 16:56 | Fs.Carniça · wall_segment Palisade Wall x14 |
| 18:09 | Fs.Carniça · wall_segment Palisade Wall x5 |
| 20:47 | G2 Tohaj · first_market_sell 100 wood |
| 23:30 | G2 Tohaj · age_up castle |
| 23:58 | G2 Tohaj · wall_segment Palisade Wall x1 |
| 24:00 | G2 Tohaj · wall_segment Palisade Wall x1 |
| 24:29 | Fs.Carniça · age_up castle |
| 24:47 | Fs.Carniça · first_building Siege Workshop |
| 28:33 | G2 Tohaj · first_building Siege Workshop |
| 30:28 | Fs.Carniça · first_building Monastery |
| 34:38 | Fs.Carniça · first_building Castle |
| 35:37 | G2 Tohaj · resign |
[ ANÁLISIS IA · 1 CRÉDITO ]
¿Qué pasó realmente en esta partida?
Wolo.gg analiza cada decisión: build order, eco, micro, errores típicos por bracket. Análisis personalizado por WhatsApp o Discord en 30 segundos.
Guía civ
Vikingos
Perfil
Jugador #10833849